 Dungeon Crawl Stone Soup version 0.28-a0-863-g8cecda6153 (webtiles) character file.

Game seed: 14867965518959753711

95 Htamos the Sneak (level 4, 0/27 HPs)
             Began as a Kobold Brigand on Nov 18, 2021.
             Hit by a stone thrown by a hobgoblin (1 damage)
             ... on level 3 of the Dungeon.
             The game lasted 00:04:34 (2270 turns).

Htamos the Sneak (Kobold Brigand)                   Turns: 2270, Time: 00:04:35

Health: 0/27       AC:  8    Str:  8    XL:     4   Next: 97%
Magic:  4/4        EV: 14    Int: 12    God:
Gold:   68         SH:  0    Dex: 17    Spells: 3/3 levels left

rFire   . . .      SeeInvis .   a - +2 dagger
rCold   . . .      Faith    .   (shield restricted)
rNeg    + . .      Spirit   .   m - +3 leather armour {rN+}
rPois   .          Reflect  .   (no helmet)
rElec   .          Harm     .   c - +0 cloak
rCorr   .          Rampage  .   (no gloves)
Will    .....                   i - +0 pair of boots
Stlth   ++++......              (no amulet)
HPRegen 0.09/turn               (no ring)
MPRegen 0.09/turn               (no ring)

@: no status effects
A: small, no large weapons, nightstalker 3
a: no special abilities


You were on level 3 of the Dungeon.
You visited 1 branch of the dungeon, and saw 3 of its levels.

You collected 68 gold pieces.

Inventory:

Hand Weapons
 a - a +2 dagger (weapon)
 l - a +0 mace of protection
Missiles
 d - 8 poisoned darts (quivered)
 e - 2 curare-tipped darts
 n - 48 stones
Armour
 b - a +0 robe
 c - a +0 cloak (worn)
 f - a +0 leather armour
 i - a +0 pair of boots (worn)
 m - a +3 leather armour of positive energy (worn)
 o - a +0 chain mail
 q - a +0 chain mail
Magical Staves
 p - a staff of earth
Jewellery
 r - a ring of resist corrosion
Scrolls
 h - a scroll of identify {@rr}
Potions
 j - 2 potions of attraction
 k - a potion of brilliance {unknown}


   Skills:
 + Level 2.7 Fighting
 * Level 3.9 Short Blades
 + Level 2.7 Throwing
 * Level 2.6 Dodging
 * Level 6.2 Stealth


You had 3 spell levels left.
You didn't know any spells.
Your spell library contained the following spells:

 Spells                   Type           Power      Damage    Failure   Level
 Ensorcelled Hibernation  Hex/Ice        0%         N/A       58%         2
 Tukima's Dance           Hex            0%         N/A       82%         3


Dungeon Overview and Level Annotations

Branches:
Dungeon (3/15)

Altars:

Annotations:
D:3 Grinder


Innate Abilities, Weirdness & Mutations

You are small and have problems with some larger weapons.
You are completely attuned to the shadows.


Message History

Grinder shouts!
You hear a shout!
A hobgoblin comes into view.
Grinder gestures at you.
You barely resist. Grinder gestures at you. Pain shoots through your body!
You hit Grinder.
Grinder is lightly wounded.
You hit Grinder.
Grinder is lightly wounded.
Grinder hits you!
You writhe in agony.
* * * LOW HITPOINT WARNING * * *
The hobgoblin throws a stone.
The stone closely misses you.
You hit Grinder.
Grinder is lightly wounded.
Grinder misses you.
You hit Grinder.
Grinder is lightly wounded.
Grinder gestures at you. You resist with significant effort.
You barely miss Grinder.
Grinder is lightly wounded.
The hobgoblin throws a stone.
The stone barely misses you. Grinder hits you.
* * * LOW HITPOINT WARNING * * *
Unknown command.
You aren't carrying any items that you can evoke.
As you read the scroll labelled YGEHEEFRUIN, it crumbles to dust.
It is a scroll of enchant armour.
Your +2 leather armour of positive energy glows green for a moment.
The hobgoblin throws a stone.
The stone barely misses you. Grinder misses you.
You hit Grinder.
Grinder is moderately wounded.
The hobgoblin throws a stone.
The stone misses you.
You hit Grinder.
Grinder is moderately wounded.
Grinder gestures at you. Pain shoots through your body!
* * * LOW HITPOINT WARNING * * *
The hobgoblin throws a stone.
The stone hits you.
You die...

#....... .........#
#####.......### .........##
#..............^ ......#.....
#................ ..........).
#.............................
.....##..........##...........
..............g..##...........
..........#.....#.....#.#....
........#.@5..#.....#......
.....####.....#.....#......
.......+............
#.#.....#.....##.....
#.#######............
.#####..>... ##### #.##...
#...###############.##...
#####.#.#......#......).###+#


You could see Grinder and a hobgoblin.

Vanquished Creatures
  An orc priest (D:3)
  2 adders (D:2)
  A dart slug (D:1)
  6 orcs (D:3)
  6 endoplasms
  2 goblins
  2 hobgoblins (D:2)
  2 jackals (D:2)
  3 kobolds
  3 ball pythons
  6 bats
  A frilled lizard (D:1)
  8 rats
43 creatures vanquished.

Notes
Turn   | Place    | Note
-------+----------+-------------------------------------------
     0 | D:1      | Htamos the Kobold Brigand began the quest for the Orb.
     0 | D:1      | Reached XP level 1. HP: 12/12 MP: 1/1
   188 | D:1      | Found a faded altar of an unknown god.
   262 | D:1      | Reached XP level 2. HP: 18/18 MP: 2/2
   801 | D:2      | Reached XP level 3. HP: 22/22 MP: 3/3
  1265 | D:2      | Reached XP level 4. HP: 26/27 MP: 4/4
  1358 | D:2      | Reached skill level 6 in Stealth
  2259 | D:3      | Noticed Grinder
  2270 | D:3      | HP: 1/27 [Grinder/nerve-wracking pain (5)]
  2270 | D:3      | Hit by a stone thrown by a hobgoblin

Illustrated notes

Levels and vault maps discovered:
D:1:      dpeg_arrival_concentric_ovals, layout_loops_ring,
          ebering_ecumenical_altar_mist
D:2:      layout_rooms, kennysheep_generic_room_15
D:3:      layout_basic, gup_sewer_entry_bubbles, minmay_misc_feat_plants,
          uniq_grinder

Skill      XL: |  1  2  3  4 |
---------------+-------------+-----
Short Blades   | 3 |  3.9
Dodging        | 2 |  2.6
Stealth        | 6 |  6.2
Fighting       | |  2.7
Throwing       | |  2.7

Action                   |  1- 3 |  4- 6 || total
-------------------------+-------+-------++-------
Melee: Dagger            |    73 |    79 ||   152
  Use: Scroll            |     1 |     2 ||     3
       Potion            |     1 |     1 ||     2
 Stab: Sleeping          |    14 |     4 ||    18
       Distracted        |     1 |       ||     1
Armor: Leather armour    |     5 |    10 ||    15
Dodge: Dodged            |    52 |    45 ||    97

Table legend: (Time is in decaauts)
 A = Elapsed time spent in this place.
 B = Non-inter-level travel time spent in this place.
 C = Inter-level travel time spent in this place.
 D = Time resting spent in this place.
 E = Time spent auto-exploring this place.
 F = Levels seen in this place.
 G = Mean time per level.
                   A        B        C        D        E       F      G
               +--------+--------+--------+--------+--------+-----+--------+
         Total |   2244 |   2150 |     94 |    235 |   1500 |   3 |  748.0 |
       Dungeon |   2244 |   2150 |     94 |    235 |   1500 |   3 |  748.0 |
               +--------+--------+--------+--------+--------+-----+--------+

Top non-repeatable levels by time:
     D:2: 781 daAuts
     D:1: 757 daAuts
     D:3: 706 daAuts
